[Event "Team 45 45 League T40"]
[Site "Internet Chess Club"]
[Date "2009.03.07"]
[Round "6"]
[White "stputte"]
[Black "scottrugby"]
[Result "1-0"]
[WhiteElo "1394"]
[BlackElo "1503"]
[Opening "Bird's opening"]
[ECO "A02"]
[Time "13:00:25"]
[TimeControl "2700+45"]

1. f4 g6 2. Nf3 d5 3. d3 Bg7 4. c3 Nf6 5. Qc2 Bf5 6. Nbd2 Ng4 7. Nb3 Nf6 8. h3
Nc6 9. g4 Be6 10. e4 h5 11. g5 Ng8 12. Bd2 f6 13. O-O-O f5 14. Nc5 Qc8 15. Qb3
b6 16. Nxe6 Qxe6 17. exd5 Qf7 18. dxc6 Qxb3 19. axb3 a5 20. d4 a4 21. bxa4 Rxa4
22. Ne5 Bxe5 23. fxe5 e6 24. Be2 Kf7 25. Kc2 Ne7 26. Ra1 Rha8 27. Rxa4 Rxa4 28.
Kb3 Ra7 29. Bf3 Nd5 30. Bxd5 exd5 31. c4 Ke6 32. Kb4 dxc4 33. Kxc4 Ra4+ 34. b4
Ra2 35. Bc3 Re2 36. d5+ Ke7 37. Rd1 f4 38. d6+ Kd8 39. d7 f3 40. e6 Rxe6 41.
Bf6+ Re7 42. Bxe7+ {Black resigns} 1-0

[Event "Team 45 45 League T40"]
[Site "Internet Chess Club"]
[Date "2009.03.07"]
[Round "6"]
[White "Just-Jim"]
[Black "houseofcook"]
[Result "0-1"]
[WhiteElo "1371"]
[BlackElo "1381"]
[Opening "French defense"]
[ECO "C00"]
[Time "12:00:08"]
[TimeControl "2700+45"]

1. e4 e6 2. Bb5 a6 3. Ba4 b5 4. Bb3 d5 5. exd5 exd5 6. d3 Be6 7. h3 Nf6 8. Bg5
Nbd7 9. Nf3 c5 10. a3 Be7 11. O-O h6 12. Bh4 O-O 13. Re1 Qb6 14. Nc3 Rfe8 15.
Rb1 Bd6 16. Bxf6 Nxf6 17. Ne5 Rac8 18. Qf3 c4 19. dxc4 dxc4 20. Ba2 Qc7 21. Nc6
Qxc6 22. Qxc6 Rxc6 23. b3 Bxa3 24. bxc4 bxc4 25. Re3 Bc5 26. Rf3 Bd4 27. Ne2 Bb6
28. Re1 Bd5 29. Re3 Bxe3 30. fxe3 Rxe3 31. Kf2 Rce6 {White resigns} 0-1

[Event "Team 45 45 League T40"]
[Site "Internet Chess Club"]
[Date "2009.03.08"]
[Round "6"]
[White "JimGaming"]
[Black "thefranman"]
[Result "0-1"]
[WhiteElo "1302"]
[BlackElo "1388"]
[Opening "Sicilian: closed"]
[ECO "B23"]
[Time "14:00:19"]
[TimeControl "2700+45"]

1. e4 c5 2. Nc3 d6 3. f4 e6 4. Nf3 a6 5. g3 Nc6 6. d3 Nf6 7. h3 Be7 8. Bg2 Qc7
9. O-O O-O 10. g4 Rb8 11. Ne2 b5 12. Ng3 Bb7 13. g5 Nd7 14. h4 Rbc8 15. h5 Nd4
16. f5 Nxf3+ 17. Bxf3 d5 18. Kg2 dxe4 19. Nxe4 exf5 20. Nf6+ gxf6 21. Bxb7 Qxb7+
22. Rf3 fxg5 23. Qe2 Rce8 24. Kf2 g4 25. Rxf5 Bh4+ {White resigns} 0-1

[Event "Team 45 45 League T40"]
[Site "Internet Chess Club"]
[Date "2009.03.07"]
[Round "6"]
[White "g8wrb"]
[Black "BotanicalKnight"]
[Result "1/2-1/2"]
[WhiteElo "1457"]
[BlackElo "1587"]
[Opening "Caro-Kann: Gurgenidze counter-attack"]
[ECO "B15"]
[Time "07:01:09"]
[TimeControl "2700+45"]

1. e4 c6 2. d4 d5 3. Nc3 b5 4. b4 dxe4 5. Nxe4 Bf5 6. Ng3 Bg6 7. h4 h6 8. Nf3
Nd7 9. a4 a6 10. Be2 e6 11. Bd2 Bd6 12. Rh3 Ngf6 13. Bd3 Bxd3 14. cxd3 Qe7 15.
axb5 cxb5 16. Qb3 Nd5 17. Rb1 Nf4 18. Bxf4 Bxf4 19. Ne4 Rc8 20. Nc5 Rc6 21. Kf1
O-O 22. Re1 Nxc5 23. dxc5 Rd8 24. Ne5 Bxe5 25. Rxe5 Rd4 26. Ke2 Rxh4 27. Rhe3
Qf6 28. Qa3 Rf4 29. f3 Qh4 30. R3e4 Rxe4+ 31. Rxe4 Qf6 32. d4 Qg6 33. Kf2 Qg5
34. Qb2 Qd5 35. Re5 Qc4 36. Re4 Qd5 37. Re5 Qc4 38. Re4 Qd5 {Game drawn by
repetition} 1/2-1/2

[Event "Team 45 45 League T40"]
[Site "Internet Chess Club"]
[Date "2009.03.05"]
[Round "6"]
[White "BarryNL"]
[Black "Visin"]
[Result "1/2-1/2"]
[WhiteElo "1460"]
[BlackElo "1300"]
[Opening "Réti opening"]
[ECO "A05"]
[Time "14:02:21"]
[TimeControl "2700+45"]

1. Nf3 Nf6 2. g3 d5 3. Bg2 c6 4. d3 Bg4 5. Nbd2 Nbd7 6. O-O e5 7. c4 Bc5 8. cxd5
cxd5 9. b3 O-O 10. Bb2 Re8 11. d4 Bd6 12. dxe5 Nxe5 13. Nxe5 Bxe5 14. Bxe5 Rxe5
15. Nf3 Re7 16. Qd2 Rc8 17. Rac1 Rec7 18. e3 Bf5 19. Nd4 Bg6 20. Rxc7 Rxc7 21.
Nb5 Rc2 22. Qd4 b6 23. Nxa7 Rxa2 24. Nc6 Qd6 25. Qxb6 Rc2 26. Qb8+ Qxb8 27. Nxb8
Rb2 28. Nc6 Rxb3 29. Ne7+ Kf8 30. Nxd5 Nxd5 31. Bxd5 Rd3 32. Bf3 f5 33. Rd1
Rxd1+ 34. Bxd1 Kf7 35. Kg2 Kf6 36. f4 Bf7 37. g4 g5 38. Kg3 h6 39. h4 gxh4+ 40.
Kxh4 fxg4 41. Bxg4 Bg6 42. Kg3 Bb1 43. Kf3 Bc2 44. e4 Bd1+ 45. Kg3 Bc2 46. e5+
Ke7 47. Kh4 Kf7 48. Kh5 Kg7 49. Bd7 Bg6+ 50. Kh4 Kf7 51. Kg4 Ke7 52. e6 Kf6 53.
f5 Bxf5+ 54. Kh5 {Game drawn by mutual agreement} 1/2-1/2

[Event "Team 45 45 League T40"]
[Site "Internet Chess Club"]
[Date "2009.03.06"]
[Round "6"]
[White "betto2506"]
[Black "Sir-Anthony"]
[Result "0-1"]
[WhiteElo "1396"]
[BlackElo "1488"]
[Opening "Sicilian: Najdorf"]
[ECO "B90"]
[Time "21:01:51"]
[TimeControl "2700+45"]

1. e4 c5 2. Nf3 d6 3. d4 cxd4 4. Nxd4 Nf6 5. Nc3 a6 6. Bd3 e5 7. Nf5 Bxf5 8.
exf5 Nc6 9. O-O Be7 10. Qf3 d5 11. Qg3 e4 12. Be2 Nd4 13. Bd1 Nxf5 14. Qe5 Nh4
15. Be3 Ng6 16. Qd4 h5 17. Be2 Qd6 18. Rad1 Ng4 19. Bxg4 hxg4 20. g3 Ne5 21. f4
Nf3+ 22. Rxf3 gxf3 23. Qxg7 O-O-O 24. Qxf7 Qh6 25. Qf5+ Kb8 26. h4 Rhg8 27. Kf2
Bxh4 28. Qe5+ Ka8 29. gxh4 Qxh4+ 30. Kf1 Qh1+ {White resigns} 0-1

[Event "Team 45 45 League T40"]
[Site "Internet Chess Club"]
[Date "2009.03.07"]
[Round "6"]
[White "rd00d"]
[Black "IanT"]
[Result "0-1"]
[WhiteElo "1401"]
[BlackElo "1324"]
[Opening "Giuoco Piano"]
[ECO "C54"]
[Time "22:07:13"]
[TimeControl "2700+45"]

1. e4 e5 2. Nf3 Nc6 3. Bc4 Bc5 4. c3 Nf6 5. d3 h6 6. b4 Bb6 7. O-O d6 8. Re1 Bg4
9. Nbd2 O-O 10. Bb2 d5 11. exd5 Nxd5 12. Qb3 Nf4 13. Nxe5 Nxe5 14. Rxe5 Nxd3 15.
Rd5 Qf6 16. Rxd3 Qxf2+ 17. Kh1 Rae8 18. h3 Re1+ 19. Rxe1 Qxe1+ 20. Kh2 Bg1+ 21.
Kh1 Be3+ 22. Kh2 Bf4+ 23. g3 Qf2+ 24. Kh1 Bxh3 25. Bxf7+ Kh8 26. Bd5 Bxg3 27.
Rxg3 Qxg3 28. c4 Qe1+ 29. Kh2 Qxd2+ 30. Kxh3 Rf2 31. Bxg7+ Kxg7 32. Qg3+ Kf6 33.
Qh4+ Ke5 34. Qe7+ Kd4 35. Qe4+ Kc3 36. Qe5+ Kc2 37. Be4+ Kd1 38. Qh5+ Ke1 39.
Kg3 Qe3+ 40. Bf3 Rxf3+ 41. Qxf3 Qxf3+ 42. Kxf3 Kd2 43. Kg4 Kc3 44. Kh5 Kxc4 45.
Kxh6 Kxb4 46. Kg5 c5 47. Kf4 c4 48. Ke3 Kc3 49. Ke2 Kb2 50. Kd2 c3+ {White
resigns} 0-1

[Event "Team 45 45 League T40"]
[Site "Internet Chess Club"]
[Date "2009.03.07"]
[Round "6"]
[White "AndersO"]
[Black "Mutaant"]
[Result "1-0"]
[WhiteElo "1419"]
[BlackElo "1426"]
[Opening "Ruy Lopez: classical (Cordel) defense"]
[ECO "C64"]
[Time "18:00:07"]
[TimeControl "2700+45"]

1. e4 e5 2. Nf3 Nc6 3. Bb5 Bc5 4. O-O Qf6 5. c3 Nge7 6. Re1 h6 7. d4 exd4 8. e5
Qg6 9. cxd4 Bb4 10. Nc3 Nd5 11. Nxd5 Bxe1 12. Nxc7+ Kd8 13. Nxa8 Bb4 14. Bxc6
dxc6 15. Qa4 Be7 {Black resigns} 1-0

[Event "Team 45 45 League T40"]
[Site "Internet Chess Club"]
[Date "2009.03.08"]
[Round "6"]
[White "beerss"]
[Black "radiohead"]
[Result "1-0"]
[WhiteElo "1400"]
[BlackElo "1320"]
[Opening "Bird's opening"]
[ECO "A03"]
[Time "12:57:41"]
[TimeControl "2700+45"]

1. f4 d5 2. Nf3 Nc6 3. e3 Nf6 4. Bb5 a6 5. Bxc6+ bxc6 6. O-O g6 7. b3 Bg7 8. Bb2
O-O 9. d3 c5 10. Nbd2 Bb7 11. Ne5 Nd7 12. Rb1 f6 13. Nxd7 Qxd7 14. Qe1 Rae8 15.
Qg3 f5 16. Bxg7 Kxg7 17. Qh4 e5 18. Rf3 Qe7 19. Qg3 e4 20. dxe4 dxe4 21. Rf2 Bd5
22. c4 Bc6 23. a3 Rd8 24. h3 Rd3 25. Re2 Rfd8 26. Qe1 Qd7 27. Rb2 a5 28. Qc1 Rb8
29. Kh2 a4 30. bxa4 Rxb2 31. Qxb2+ Kh6 32. Nb3 Qd6 33. a5 Ba4 34. Nc1 Rd1 35.
Na2 Qd7 36. Nc3 Rd6 37. Nb5 Ra6 38. Rd2 Qf7 39. Qc3 Ra8 40. Rd5 c6 41. Nd6 Qe6
42. Rd2 Qg8 43. Qf6 Rf8 44. Qe5 Bb3 45. Qxc5 Ra8 46. Rb2 Bd1 47. Qb6 Bh5 48. c5
Qd5 49. a6 Qd3 50. Qb7 g5 51. Qxa8 Qxe3 52. Qf8+ {Black resigns} 1-0

[Event "Team 45 45 League T40"]
[Site "Internet Chess Club"]
[Date "2009.03.07"]
[Round "6"]
[White "Esslinger"]
[Black "seldredg"]
[Result "1-0"]
[WhiteElo "1352"]
[BlackElo "1378"]
[Opening "Dutch defense"]
[ECO "A84"]
[Time "13:30:54"]
[TimeControl "2700+45"]

1. d4 f5 2. c4 e6 3. Nf3 Nf6 4. Nc3 Be7 5. e3 O-O 6. Bd3 d6 7. O-O a5 8. Re1 Qe8
9. Nb5 Qd7 10. Qc2 Nc6 11. a3 Nd8 12. e4 fxe4 13. Bxe4 c6 14. Nc3 Nxe4 15. Nxe4
d5 16. Neg5 Bxg5 17. Nxg5 g6 18. c5 Qg7 19. Be3 Nf7 20. Nf3 Nh6 21. Bxh6 Qxh6
22. Ne5 Qg7 23. b4 axb4 24. axb4 Bd7 25. Ra2 Rxa2 26. Qxa2 Rf4 27. Qa8+ Rf8 28.
Qxb7 Be8 29. Qc8 Qf6 30. Rf1 Qf4 31. Qxe6+ Kh8 32. Nxc6 Bxc6 33. Qxc6 Qxd4 34.
b5 Qa4 35. Qd6 Rc8 36. Qf6+ Kg8 37. Qe6+ Kg7 38. Qxc8 Qxb5 39. c6 d4 40. Qd7+
Kh6 41. c7 Qb7 42. c8=Q {Black resigns} 1-0

[Event "Team 45 45 League T40"]
[Site "Internet Chess Club"]
[Date "2009.03.09"]
[Round "6"]
[White "DrOMM"]
[Black "kingsrook"]
[Result "1-0"]
[WhiteElo "1271"]
[BlackElo "1222"]
[Opening "Caro-Kann defense"]
[ECO "B11"]
[Time "16:00:45"]
[TimeControl "2700+45"]

1. e4 c6 2. Nc3 d5 3. e5 e6 4. d4 Bb4 5. Bd2 Ne7 6. Nf3 b6 7. a3 Bxc3 8. Bxc3
Ba6 9. Bxa6 Nxa6 10. Bd2 O-O 11. c3 c5 12. h4 Qd7 13. Qe2 Rac8 14. Qxa6 f6 15.
Qe2 Nc6 16. dxc5 bxc5 17. b4 c4 18. Qe3 Rb8 19. Nd4 Nxe5 20. O-O a6 21. f4 Ng4
22. Qxe6+ Qxe6 23. Nxe6 Rfe8 24. Rae1 Re7 25. f5 Ne5 26. Nd4 Rc8 27. Nf3 Rce8
28. Nxe5 fxe5 29. f6 Rf7 30. fxg7 Kxg7 31. Rxf7+ Kxf7 32. Rf1+ Kg6 33. g4 h6 34.
h5+ Kg7 35. Rf5 Re6 36. Kf2 e4 37. Rxd5 Rf6+ 38. Rf5 Rxf5+ 39. gxf5 Kf6 40. Bxh6
Kxf5 41. Be3 Kg4 42. h6 Kh5 43. Kg3 Kg6 44. Kf4 Kxh6 45. Kxe4+ Kg6 46. Kd4 Kf6
47. Kxc4 Ke6 48. Kc5 Kd7 49. Kb6 Kd6 50. Kxa6 Kd5 51. Kb5 Ke4 52. Bc5 Kd3 53. a4
Kxc3 54. a5 Kb3 55. a6 Kc3 56. a7 Kd3 57. a8=Q Kc3 58. Kc6 Kc4 59. b5 Kc3 60. b6
{Black resigns} 1-0

[Event "Team 45 45 League T40"]
[Site "Internet Chess Club"]
[Date "2009.03.07"]
[Round "6"]
[White "ElmerHo"]
[Black "mongmong"]
[Result "1-0"]
[WhiteElo "1532"]
[BlackElo "1586"]
[Opening "French: Winawer, advance, poisoned pawn variation"]
[ECO "C18"]
[Time "20:00:19"]
[TimeControl "2700+45"]

1. e4 e6 2. d4 d5 3. Nc3 Bb4 4. e5 Ne7 5. a3 Bxc3+ 6. bxc3 c5 7. Qg4 Nf5 8. Bd3
h5 9. Qf3 Nc6 10. Bxf5 exf5 11. Ne2 Be6 12. Be3 Qa5 13. O-O c4 14. Rfb1 O-O-O
15. a4 Qc7 16. Rb2 b6 17. Rab1 Rdg8 18. Bg5 Qd7 19. Nf4 Na5 20. Rb5 g6 21. Nxd5
Bxd5 22. Qxd5 Qxd5 23. Rxd5 Re8 24. f4 Re6 25. h4 Kc7 26. Rdb5 Ree8 27. d5 Kd7
28. Rd1 Rc8 29. e6+ fxe6 30. dxe6+ Kc6 31. Rbd5 Nb7 32. Rd7 Rce8 33. e7 Rc8 34.
R7d4 Rhe8 35. Rxc4+ Nc5 36. Bf6 Kb7 37. Rcd4 Ne6 38. Rd7+ Kb8 39. Rd8 Kc7 40.
R8d7+ Kb8 41. Be5+ Ka8 42. Bf6 Kb8 43. Rd8 Kb7 44. Rxc8 Kxc8 45. Kf2 Kc7 46. Ke3
Kc6 47. Kf3 Nc7 48. c4 Ne6 49. g3 Nc7 50. Rd8 a6 51. Ke3 b5 52. cxb5+ axb5 53.
axb5+ Kxb5 54. Rxe8 Nxe8 55. Bg5 Kc4 56. Kd2 Nd6 57. c3 Ne4+ 58. Ke3 Nd6 59. Bf6
Kd5 60. Kd3 Ke6 61. Bg5 Kd7 62. Kd4 Ne4 63. Ke5 Nxg3 64. Kf6 Ne4+ 65. Kf7 Nd6+
66. Kxg6 Ne8 67. Kxh5 Ke6 68. Kg6 Nd6 69. h5 {Black resigns} 1-0

[Event "Team 45 45 League T40"]
[Site "Internet Chess Club"]
[Date "2009.03.08"]
[Round "6"]
[White "Andressa"]
[Black "Invicta-Knight"]
[Result "0-1"]
[WhiteElo "1527"]
[BlackElo "1609"]
[Opening "Scandinavian: Pytel-Wade variation"]
[ECO "B01"]
[Time "07:02:02"]
[TimeControl "2700+45"]

1. e4 d5 2. exd5 Qxd5 3. Nc3 Qd6 4. Nf3 g6 5. Bc4 e6 6. O-O Nh6 7. h3 Bg7 8. Nb5
Qc5 9. d3 a6 10. Nc3 b5 11. Bb3 Nf5 12. Ne4 Qb6 13. a4 Bb7 14. g4 Nd4 15. Nxd4
Bxd4 16. c3 Bg7 17. axb5 axb5 18. Rxa8 Bxa8 19. Qf3 O-O 20. Be3 Qc6 21. g5 Nd7
22. Qg2 Ne5 23. Bc2 b4 24. f4 Nd7 25. cxb4 Qb7 26. Qd2 Rd8 27. Bb3 Qb5 28. Ra1
Nb6 29. Nc5 Nd5 30. Bxd5 Bxd5 31. Ra5 Qe8 32. Qf2 Rb8 33. Na6 Rb7 34. Bd4 Qc6
35. Ra1 Qd6 36. Bxg7 Kxg7 37. Qd4+ Kg8 38. Nc5 Rb8 39. Ra6 Qf8 40. Ra7 Qd6 41.
Na6 Rc8 42. Qc3 Qxf4 43. Qc2 Qg3+ 44. Kf1 Qxh3+ 45. Ke1 Qg3+ 46. Qf2 Qxg5 47.
Nxc7 Qe5+ 48. Kd2 Qxb2+ 49. Ke3 Qe5+ 50. Kd2 Rxc7 51. Qe3 Qxe3+ 52. Kxe3 Rxa7
{White resigns} 0-1

[Event "Team 45 45 League T40"]
[Site "Internet Chess Club"]
[Date "2009.03.08"]
[Round "6"]
[White "EyeAm"]
[Black "betto2506"]
[Result "1-0"]
[WhiteElo "1504"]
[BlackElo "1375"]
[Opening "two knights defense: Lolli attack"]
[ECO "C57"]
[Time "19:00:42"]
[TimeControl "2700+45"]

1. e4 e5 2. Nf3 Nc6 3. Bc4 Nf6 4. Ng5 d5 5. exd5 Nxd5 6. d4 Be7 7. Nxf7 Kxf7 8.
Qf3+ Bf6 9. Bxd5+ Be6 10. Bxe6+ Kxe6 11. dxe5 Nd4 12. Qg4+ Kf7 13. O-O Bxe5 14.
Qh5+ Ke6 15. Re1 Qf6 16. f4 g6 17. Qg4+ Kf7 18. fxe5 Qf5 19. Rf1 Qxf1+ 20. Kxf1
Ne6 21. Nc3 Rad8 22. Qf3+ Ke8 23. Bh6 Nd4 24. Qxb7 Nf5 25. Bg5 Ne7 26. Rd1 Rf8+
27. Ke2 Rc8 28. e6 {Black resigns} 1-0

[Event "Team 45 45 League T40"]
[Site "Internet Chess Club"]
[Date "2009.03.05"]
[Round "6"]
[White "Chess2Play"]
[Black "kidviper"]
[Result "1-0"]
[WhiteElo "1666"]
[BlackElo "1676"]
[Opening "QGD Slav defense"]
[ECO "D10"]
[Time "14:03:21"]
[TimeControl "2700+45"]

1. d4 d5 2. c4 c6 3. Nc3 Nf6 4. e3 Bf5 5. cxd5 cxd5 6. Qb3 Qd7 7. Bb5 Nc6 8. Nf3
e6 9. Ne5 Qc7 10. Qa4 Bd6 11. Nxc6 O-O 12. Ne5 a6 13. Be2 Bxe5 14. dxe5 Qxe5 15.
O-O Ng4 16. Bxg4 Bxg4 17. Qxg4 f5 18. Qf4 Qf6 19. Bd2 Rac8 20. Rac1 g5 21. Qd4
Qh6 22. Na4 b5 23. Rxc8 Rxc8 24. Bc3 Rc4 25. Qh8+ Kf7 26. Nb6 Rh4 27. Qf6+ Qxf6
28. Bxf6 Kxf6 29. Rc1 d4 30. Nd7+ Ke7 31. Ne5 dxe3 32. fxe3 Re4 33. Nf3 g4 34.
Ng5 Rxe3 35. Nxh7 Re2 36. Rb1 Kf7 37. Ng5+ Kf6 38. h4 a5 39. a3 a4 40. Kf1 Rc2
41. Nh7+ Kg7 42. Ng5 Kf6 43. Re1 e5 44. Re2 Rc4 45. g3 e4 46. Kf2 Rd4 47. Ke3
Rd3+ 48. Kf4 Rd1 49. Rf2 Rg1 50. Nxe4+ fxe4 51. Kxe4+ Kg6 52. Kf4 Kh5 53. Rc2
Rf1+ 54. Ke4 Re1+ 55. Kd4 Rd1+ 56. Kc5 Rd3 57. Rc3 Rd2 58. Kxb5 Rxb2+ 59. Kxa4
Rf2 60. Rc5+ Kg6 61. Rg5+ Kf6 62. Rxg4 Rb2 63. h5 Kf5 64. Rh4 Kg5 65. h6 Rb8 66.
h7 Rh8 67. Kb5 Kg6 68. a4 Kg7 69. a5 Rb8+ 70. Ka4 Kh8 71. a6 Ra8 72. Ka5 Ra7 73.
Kb6 Rg7 74. a7 Rg6+ 75. Ka5 Rg5+ 76. Ka4 Rxg3 77. a8=Q+ Kg7 78. h8=Q+ Kg6 79.
Qhg8+ Kf5 80. Qxg3 Ke6 81. Qa6+ Kd5 82. Qg5# {Black checkmated} 1-0

[Event "Team 45 45 League T40"]
[Site "Internet Chess Club"]
[Date "2009.03.10"]
[Round "6"]
[White "basserben"]
[Black "Dostoy"]
[Result "1/2-1/2"]
[WhiteElo "1701"]
[BlackElo "1622"]
[Opening "Caro-Kann: advance variation"]
[ECO "B12"]
[Time "19:15:57"]
[TimeControl "2700+45"]

1. e4 c6 2. d4 d5 3. e5 c5 4. c3 Nc6 5. Nf3 Bg4 6. Be2 e6 7. Be3 Qb6 8. Qb3 Bxf3
9. Qxb6 axb6 10. Bxf3 cxd4 11. cxd4 Nge7 12. g4 Ng6 13. O-O f6 14. exf6 gxf6 15.
a3 Bd6 16. Nc3 Ke7 17. Be2 Nf4 18. Kh1 Nxe2 19. Nxe2 h5 20. g5 fxg5 21. Bxg5+
Kf7 22. f4 Rhg8 23. h4 Ne7 24. Kg2 Nf5 25. Kf3 b5 26. Rfd1 Ra4 27. Rac1 Rc4 28.
b3 Rc6 29. b4 Rgc8 30. Rxc6 bxc6 31. Ng3 Nxg3 32. Kxg3 Kg6 33. Re1 Kf5 34. Kf3
Ra8 35. Re3 Rg8 {Game drawn by mutual agreement} 1/2-1/2

[Event "Team 45 45 League T40"]
[Site "Internet Chess Club"]
[Date "2009.03.07"]
[Round "6"]
[White "sdcohle"]
[Black "islanderpfeifer"]
[Result "1-0"]
[WhiteElo "1324"]
[BlackElo "1515"]
[Opening "Queen's pawn game, Darooha variation "]
[ECO "D11"]
[Time "21:00:35"]
[TimeControl "2700+45"]

1. d4 d5 2. Nf3 Nf6 3. c4 c6 4. b3 e6 5. g3 Bb4+ 6. Bd2 Bxd2+ 7. Nbxd2 O-O 8.
Bg2 Qa5 9. O-O Nbd7 10. Qc2 Re8 11. Rfe1 Qc7 12. Rac1 Qd6 13. Qb2 Ng4 14. h3 Nh6
15. cxd5 cxd5 16. Rc3 f6 17. e4 e5 18. exd5 Nf7 19. Nc4 Qxd5 20. dxe5 fxe5 21.
Nfxe5 Qd4 22. Nf3 Rxe1+ 23. Nxe1 Qd1 24. Re3 Nf6 25. Kh2 Bf5 26. Nf3 Qd7 27.
Nfe5 Nxe5 28. Nxe5 Qc7 29. Nc4 Rc8 30. Qa3 Ra8 31. Nd6 Bc8 32. Bd5+ Kh8 33. Nf7+
Qxf7 34. Bxf7 Bd7 35. Qe7 Bc6 36. a4 h6 37. b4 Nd5 38. Bxd5 Bxd5 39. b5 a6 40.
Re5 Bb3 41. Qxb7 Rf8 42. f4 axb5 43. axb5 Rd8 44. Re2 Bd1 45. Rb2 Rd3 46. b6 Bf3
47. Qc8+ Kh7 48. Qf5+ {Black resigns} 1-0

[Event "Team 45 45 League T40"]
[Site "Internet Chess Club"]
[Date "2009.03.08"]
[Round "6"]
[White "Skyler"]
[Black "Toalla"]
[Result "1-0"]
[WhiteElo "1456"]
[BlackElo "1244"]
[Opening "King's Indian: London system"]
[ECO "A48"]
[Time "22:05:58"]
[TimeControl "2700+45"]

1. d4 Nf6 2. Nf3 g6 3. Bf4 Bg7 4. e3 O-O 5. h3 d6 6. Be2 Nbd7 7. O-O Re8 8. c3
e5 9. dxe5 Nxe5 10. Nxe5 dxe5 11. Qxd8 Rxd8 12. Bxe5 c6 13. Rd1 Be6 14. Nd2 a5
15. Nb3 b6 16. Nd4 Bd7 17. Bf3 Nd5 18. Bxg7 Kxg7 19. Rd2 Rac8 20. Rad1 f5 21. a3
b5 22. Nxc6 Bxc6 23. Bxd5 Bd7 24. Be6 {Black resigns} 1-0

[Event "Team 45 45 League T40"]
[Site "Internet Chess Club"]
[Date "2009.03.07"]
[Round "6"]
[White "trophyking"]
[Black "Folgers"]
[Result "1/2-1/2"]
[WhiteElo "2253"]
[BlackElo "2118"]
[Opening "QGD Slav: 4.Nc3"]
[ECO "D15"]
[Time "21:12:22"]
[TimeControl "2700+45"]

1. d4 d5 2. c4 c6 3. Nf3 Nf6 4. Nc3 a6 5. c5 g6 6. Bf4 Bg7 7. h3 O-O 8. e3 Re8
9. Be2 Nfd7 10. O-O e5 11. Nxe5 Nxe5 12. Bxe5 Bxe5 13. dxe5 Rxe5 14. e4 Qe7 15.
f4 Qxc5+ 16. Kh1 Re8 17. exd5 Bf5 18. Rc1 Qd6 19. Bf3 {Game drawn by mutual
agreement} 1/2-1/2

[Event "Team 45 45 League T40"]
[Site "Internet Chess Club"]
[Date "2009.03.08"]
[Round "6"]
[White "BigTweeds"]
[Black "alexdb"]
[Result "0-1"]
[WhiteElo "1983"]
[BlackElo "1960"]
[Opening "Ruy Lopez: Archangelsk (counterthrust) variation"]
[ECO "C78"]
[Time "15:11:22"]
[TimeControl "2700+45"]

1. e4 e5 2. Nf3 Nc6 3. Bb5 a6 4. Ba4 Nf6 5. O-O b5 6. Bb3 Bb7 7. Re1 Bc5 8. c3
d6 9. d4 Bb6 10. Be3 O-O 11. Nbd2 Re8 12. d5 Ne7 13. Bxb6 cxb6 14. Nh4 Bc8 15.
h3 Bd7 16. g4 Ng6 17. Nxg6 fxg6 18. Qe2 Kh8 19. Qe3 Rf8 20. Rf1 h5 21. f3 Nh7
22. Kg2 Rf4 23. Rf2 Qc7 24. Nf1 Raf8 25. Re2 Rxf3 26. Qxf3 Rxf3 27. Kxf3 Qc8 28.
Nh2 Ng5+ 29. Kg3 Nxh3 30. gxh5 Nf4 31. Rf2 gxh5 32. Nf3 Qe8 33. Ng5 h4+ 34. Kh2
Qh5 35. Rg1 Bg4 36. Nf7+ Qxf7 37. Rxg4 Qh5 38. Bd1 Qh6 39. Bc2 g5 40. Rf1 Kg7
41. Rfg1 Kf6 42. Rf1 Kg6 43. Rf2 Nh5 44. a4 Ng3 45. axb5 axb5 46. Bd3 Qh8 47.
Bxb5 Qc8 48. Rxg3 hxg3+ 49. Kxg3 Qc5 50. Be8+ Kg7 51. Bh5 Qe3+ 52. Bf3 Qf4+ 53.
Kg2 g4 54. Be2 Qxe4+ 55. Kg3 Qe3+ 56. Kg2 g3 {White resigns} 0-1

[Event "Team 45 45 League T40"]
[Site "Internet Chess Club"]
[Date "2009.03.07"]
[Round "6"]
[White "Wheels"]
[Black "MeanMrMustard"]
[Result "1/2-1/2"]
[WhiteElo "1981"]
[BlackElo "1916"]
[Opening "Sicilian: closed"]
[ECO "B23"]
[Time "11:54:33"]
[TimeControl "2700+45"]

1. e4 c5 2. Nc3 e6 3. f4 d5 4. Nf3 dxe4 5. Nxe4 Nf6 6. Bb5+ Bd7 7. Bxd7+ Nbxd7
8. Qe2 Nxe4 9. Qxe4 Qc7 10. d3 Nf6 11. Qa4+ Qd7 12. Qxd7+ Nxd7 13. Be3 Be7 14.
O-O-O Nb6 15. Rhe1 Nd5 16. Bd2 g6 17. c4 Nb6 18. Bc3 O-O 19. b3 Nd7 20. d4 Bf6
21. Kc2 Rfd8 22. Ne5 Nxe5 23. dxe5 Be7 {Game drawn by mutual agreement} 1/2-1/2

[Event "Team 45 45 League T40"]
[Site "Internet Chess Club"]
[Date "2009.03.09"]
[Round "6"]
[White "azbycx"]
[Black "Philly-Boy"]
[Result "0-1"]
[WhiteElo "1774"]
[BlackElo "1792"]
[Opening "Queen's pawn game, Chigorin variation"]
[ECO "D02"]
[Time "22:06:48"]
[TimeControl "2700+45"]

1. d4 d5 2. Nf3 Nc6 3. g3 Bg4 4. Bg2 e6 5. O-O Nf6 6. c4 Ne7 7. Nc3 c6 8. Qa4
dxc4 9. Qxc4 Ned5 10. Ne5 Bh5 11. Bg5 Be7 12. e4 Nb6 13. Qd3 Ng4 14. Nxg4 Bxg4
15. Be3 O-O 16. h3 Bh5 17. f4 f5 18. exf5 exf5 19. Bf3 Bxf3 20. Rxf3 Qd7 21. Rd1
Rad8 22. Bf2 Rf6 23. Qc2 Rd6 24. Kh2 Bf6 25. Ne2 g6 26. Rfd3 Kh8 27. a4 Nd5 28.
Qc4 a5 29. Nc3 Nb4 30. R3d2 b6 31. Na2 Nxa2 32. Qxa2 Rd5 33. Qc4 c5 34. Qb3 Qc6
35. Qc4 Qb7 36. b3 Qg7 37. Qb5 R8d6 38. Rd3 Qd7 39. Qxd7 Rxd7 40. Kg2 Bxd4 41.
Bxd4+ cxd4 42. Kf3 Kg7 43. h4 Kf6 44. R1d2 h6 45. Rd1 R7d6 46. R1d2 g5 47. hxg5+
hxg5 48. Rd1 g4+ 49. Kf2 Ke7 50. Re1+ Kd7 51. Red1 Kc6 52. Rc1+ Rc5 53. Rcd1
Rc2+ 54. Kg1 Kc5 55. Re1 Rc3 56. Re5+ Rd5 57. Rxd5+ Kxd5 {White resigns} 0-1

[Event "Team 45 45 League T40"]
[Site "Internet Chess Club"]
[Date "2009.03.14"]
[Round "6"]
[White "Campagnolo"]
[Black "chiiwen"]
[Result "1/2-1/2"]
[WhiteElo "2075"]
[BlackElo "2128"]
[Opening "Sicilian: accelerated fianchetto, Maróczy bind, 5...Bg7"]
[ECO "B37"]
[Time "21:00:07"]
[TimeControl "2700+45"]

1. e4 c5 2. Nf3 g6 3. d4 cxd4 4. Nxd4 Nc6 5. c4 Bg7 6. Nc2 d6 7. Be2 Nf6 8. Nc3
O-O 9. O-O b6 10. Bg5 Bb7 11. Qd2 Rc8 12. f3 Nd7 13. Rac1 Nc5 14. Rfd1 Ne6 15.
Be3 Kh8 16. b3 Ba8 17. Nd5 {Game drawn by mutual agreement} 1/2-1/2

[Event "Team 45 45 League T40"]
[Site "Internet Chess Club"]
[Date "2009.03.09"]
[Round "6"]
[White "dnmuscg"]
[Black "chess9397"]
[Result "1-0"]
[WhiteElo "1990"]
[BlackElo "1835"]
[Opening "Sicilian: dragon, Yugoslav attack, 9.Bc4"]
[ECO "B77"]
[Time "19:30:10"]
[TimeControl "2700+45"]

1. e4 c5 2. Nf3 Nc6 3. d4 cxd4 4. Nxd4 g6 5. Nc3 Bg7 6. Be3 Nf6 7. Bc4 O-O 8.
Qd2 d6 9. f3 Nxd4 10. Bxd4 a6 11. O-O-O b5 12. Bb3 Bd7 13. h4 a5 14. h5 a4 15.
Bd5 Rc8 16. hxg6 hxg6 17. Bxf6 exf6 18. Qf4 b4 19. Qh2 Re8 20. Ne2 f5 21. Qxd6
a3 22. Qxg6 axb2+ 23. Kb1 Re7 24. Rh7 Qf8 25. Rdh1 Be6 26. Rh8# {Black
checkmated} 1-0

[Event "Team 45 45 League T40"]
[Site "Internet Chess Club"]
[Date "2009.03.11"]
[Round "6"]
[White "chess9793"]
[Black "ivanson"]
[Result "0-1"]
[WhiteElo "1863"]
[BlackElo "1849"]
[Opening "Ruy Lopez: closed, Chigorin, 12...c5d4"]
[ECO "C99"]
[Time "18:00:06"]
[TimeControl "2700+45"]

1. e4 e5 2. Nf3 Nc6 3. Bb5 a6 4. Ba4 Nf6 5. O-O Be7 6. Re1 b5 7. Bb3 d6 8. c3
O-O 9. h3 Na5 10. Bc2 c5 11. d4 Qc7 12. Nbd2 cxd4 13. cxd4 Bd7 14. Nf1 Rac8 15.
Ne3 Nc6 16. a3 exd4 17. Nxd4 Nxd4 18. Qxd4 d5 19. e5 Bc5 20. Qd2 Qxe5 21. Nf5
Qc7 22. b4 Bxf2+ 23. Qxf2 Qxc2 24. Ne7+ Kh8 25. Nxc8 Rxc8 26. Qxc2 Rxc2 27. Bf4
Ne4 28. Rec1 Rf2 29. Rc7 Be6 30. Ra7 h5 31. Rf1 Ra2 32. Rxa6 d4 33. Rd1 Nc3 34.
Rf1 Bd5 35. Rf2 Ne2+ 36. Kf1 d3 37. Ke1 Nxf4 38. Rxf4 d2+ 39. Ke2 Bb3 40. Rh4
d1=Q+ 41. Ke3 Qe1+ 42. Kf3 Bd1+ 43. Kf4 Qxh4+ 44. Kf5 Re2 45. g4 Bc2+ 46. Kf4
g5+ 47. Kf3 Qf2# {White checkmated} 0-1